 Dungeon Crawl Stone Soup version 0.30.1-4-g462c640d31 (webtiles) character file.

Game seed: 1511902543310347530

78 lonewolfV2 the Trooper (level 4, -1/35 HPs)
             Began as a Demonspawn Fighter on Aug 25, 2023.
             Slain by a river rat (5 damage)
             ... in a sewer.
             The game lasted 00:03:41 (2310 turns).

lonewolfV2 the Trooper (Demonspawn Fighter)         Turns: 2310, Time: 00:03:42

Health: -1/35      AC:  6    Str: 19    XL:     4   Next: 15%
Magic:  4/4        EV:  6    Int:  9    God:
Gold:   337        SH: 10    Dex: 16    Spells: 3/3 levels left

rFire   . . .        a - +0 war axe
rCold   . . .        c - +0 buckler
rNeg    . . .        b - +0 scale mail
rPois   .            (no helmet)
rElec   .            (no cloak)
rCorr   +            (no gloves)
SInv    +            (no boots)
Will    .....        i - amulet "Etiog" {Reflect rCorr Dex+4 SH+5} Stlth
                     n - ring of see invisible
HPRegen 0.25/turn    (no ring)
MPRegen 0.09/turn

%: reflection
@: constricted, very slow
A: demonic magic 2
a: no special abilities


You were in a sewer.
You visited 1 branch of the dungeon, and saw 4 of its levels.
You also visited: Sewer.

You collected 337 gold pieces.

Inventory:

Hand Weapons
 a - a +0 war axe (weapon)
Armour
 b - a +0 scale mail (worn)
 c - a +0 buckler (worn)
Jewellery
 i - the amulet "Etiog" (around neck) {Reflect rCorr Dex+4 SH+5}
   (You acquired it on level 1 of the Dungeon)

   [amulet of reflection]

   It reflects blocked missile attacks.
   Dex:       It affects your dexterity (+4).
   rCorr:     It protects you from acid and corrosion.
   SH:        It affects your SH (+5).
 n - a ring of see invisible (left hand)
Scrolls
 e - a scroll of silence {unknown}
 g - a scroll of fear
 h - 2 scrolls of summoning
 m - a scroll of poison {unknown}
 o - a scroll of identify
 p - a scroll of teleportation {unknown}
Potions
 d - a potion of might
 f - 2 potions of haste
 j - a potion of degeneration {unknown}
 k - 2 potions of heal wounds {unknown}
 l - 3 potions of lignification


   Skills:
 + Level 3.3 Fighting
 + Level 2.9 Axes
 + Level 3.1 Armour
 + Level 0.4 Dodging
 + Level 0.1 Stealth
 + Level 3.1 Shields


You had 3 spell levels left.
You didn't know any spells.
Your spell library was empty.

Dungeon Overview and Level Annotations

Branches:
Dungeon (4/15)              Sewer (1/1)
 Temple: D:4-7

Altars:


Innate Abilities, Weirdness & Mutations

Spells you cast may paralyse nearby enemies.


Message History

The ball python bites you but does no damage.
You block the river rat's attack.
The ball python bites you but does no damage. x2
The ball python constricts you.
You barely miss the ball python. You barely miss the rat.
You closely miss the river rat. You barely miss the ball python.
You block the ball python's attack. x2; The ball python constricts you.
The river rat bites you.
The rat splashes around in the water.
Unknown command.
Your unstable footing causes you to fumble your attack.
The ball python bites you. The ball python closely misses you.
The ball python constricts you. You block the river rat's attack.
The rat splashes around in the water.
The ball python bites you but does no damage.
The ball python constricts you. The ball python barely misses you.
Your unstable footing causes you to fumble your attack.
The river rat bites you but does no damage.
The ball python bites you. The rat barely misses you.
You block the ball python's attack. The ball python constricts you.
The river rat closely misses you. The ball python barely misses you.
The ball python constricts you.
The ball python bites you but does no damage.
The rat splashes around in the water.
Your unstable footing causes you to fumble your attack.
The rat twitches its whiskers.
You block the ball python's attack. x2; The ball python constricts you.
The river rat bites you!
* * * LOW HITPOINT WARNING * * *
You block the rat's attack.
Unknown command.
You hit the river rat.
The river rat is lightly wounded.
You barely miss the ball python. You hit the rat.
You kill the rat!
You slash the ball python!
You kill the ball python!
You block the ball python's attack. The ball python constricts you.
* * * LOW HITPOINT WARNING * * *
The river rat bites you.
You die...

#≈≈~~~≈#
#≈~≈~~≈#
#≈~~≈~≈#
#≈.~~≈≈#
#≈~~#~≈#
#≈~≈~.≈#
#≈≈~~~≈#
#≈≈~~r≈#
#≈≈~S@≈#
#≈≈~rr≈#
#~~~~r~#
##.~.~.#
#......#
##......
#.......
##......r


You could see a river rat, a ball python and 3 rats.

Vanquished Creatures
  An adder (D:2)
  A worm (D:2)
  3 orcs
  10 endoplasms
  7 giant cockroaches
  5 hobgoblins
  5 quokkas
  8 ball pythons
  2 bats
  5 frilled lizards
  2 goblins
  3 kobolds
  8 rats
60 creatures vanquished.

Notes
Turn   | Place    | Note
-------+----------+-------------------------------------------
     0 | D:1      | lonewolfV2 the Demonspawn Fighter began the quest for the
                  | Orb.
     0 | D:1      | Reached XP level 1. HP: 18/18 MP: 1/1
   382 | D:1      | Gained mutation: Spells you cast may paralyse adjacent
                  | enemies. [demonic ancestry]
   382 | D:1      | Reached XP level 2. HP: 19/24 MP: 2/2
   466 | D:1      | Identified a scroll of acquirement
   466 | D:1      | Acquired the amulet "Etiog" {Reflect rCorr Dex+4 SH+5}
   945 | D:2      | Gained mutation: Spells you cast may paralyse nearby
                  | enemies. [demonic ancestry]
   945 | D:2      | Reached XP level 3. HP: 29/29 MP: 3/3
  2215 | D:4      | Reached XP level 4. HP: 31/35 MP: 4/4
  2267 | D:4      | Found a glowing drain.
  2281 | Sewer    | Entered a sewer
  2310 | Sewer    | Slain by a river rat

Illustrated notes

Levels and vault maps discovered:
D:1:      dpeg_arrival_simpleton_c, layout_loops_corners,
          chequers_serial_rivers_small_b
D:2:      layout_basic, hangedman_decor_slide_cut, minmay_gold_behind_fungi,
          grunt_ministairs_11
D:3:      layout_basic, kennysheep_generic_room_11
D:4:      layout_loops_cross, tso_oasis_becter, portal_sewer_entry_f, uniq_ijyb,
          uniq_menkaure
Sewer:    sewer_minmay_w

Skill      XL: |  1  2  3 |
---------------+----------+-----
Shields        | 3 |  3.1
Axes           | 2 |  2.9
Armour         | 3 |  3.1
Fighting       | |  3.3
Dodging        | |  0.4
Stealth        | |  0.1

Action                     |  1- 3 |  4- 6 || total
---------------------------+-------+-------++-------
  Melee: War axe           |   114 |    19 ||   133
    Use: Scroll            |     7 |       ||     7
 Armour: Scale mail        |    42 |    20 ||    62
  Dodge: Dodged            |    49 |    16 ||    65
  Block: Buckler           |    68 |    23 ||    91
